 Dungeon Crawl Stone Soup version 0.24.0-1-gfbc8707 (webtiles) character file.

Game seed: 13523509090392086808, levelgen mode: deterministic

109 Fang the Skirmisher (level 4, -3/29 HPs)
             Began as a Gargoyle Berserker on Oct 28, 2019.
             Was a Believer of Trog.
             Slain by Sigmund
             ... wielding a +1 scythe of freezing
              (15 damage)
             ... on level 3 of the Dungeon.
             The game lasted 00:02:16 (2794 turns).

Fang the Skirmisher (Gargoyle Berserker)            Turns: 2794, Time: 00:02:17

Health: -3/29      AC:  5    Str: 22    XL:     4   Next: 90%
Magic:  4/4        EV: 12    Int:  7    God:    Trog [**....]
Gold:   165        SH:  0    Dex:  9    Spells: 3/3 levels left

rFire    . . .     SeeInvis .   a - +0 hand axe
rCold    . . .     Gourm    .   (no shield)
rNeg     + . .     Faith    .   b - +0 animal skin
rPois    ∞         Spirit   .   (no helmet)
rElec    +         Reflect  .   (no cloak)
rCorr    .         Harm     .   (no gloves)
MR       .....                  (no boots)
Stlth    ..........             (no amulet)
HPRegen  0.09/turn              e - ring of attention (curse)
MPRegen  0.09/turn              (no ring)

@: confused, berserk cooldown, slowed, very slow
A: negative energy resistance 1, electricity resistance, unbreathing,
petrification resistance, rot immunity, AC +3
a: Berserk, Trog's Hand, Renounce Religion


You were on level 3 of the Dungeon.
You worshipped Trog.
Trog was pleased with you.
You were hungry.

You visited 1 branch of the dungeon, and saw 3 of its levels.

You collected 165 gold pieces.

Inventory:

Hand Weapons
 a - a +0 hand axe (weapon)
Armour
 b - a +0 animal skin (worn)
Jewellery
 e - a cursed ring of attention (left hand)
Scrolls
 d - a scroll of fear {unknown}
 g - 3 scrolls of identify {unknown}
 h - a scroll of remove curse {unknown}
 k - 2 scrolls of magic mapping {unknown}
 l - 3 scrolls of teleportation {unknown}
 m - 3 scrolls of enchant weapon {unknown}
 n - a scroll of blinking {unknown}
Potions
 f - 2 potions of curing {unknown}
 i - a potion of haste {unknown}
 o - a potion of invisibility {unknown}
 p - a potion of heal wounds {unknown}
Comestibles
 c - 6 rations


   Skills:
 + Level 4.1 Fighting
 + Level 3.3 Axes
 + Level 3.2 Armour
 + Level 2.4 Dodging


You had 3 spell levels left.
You didn't know any spells.
Your spell library was empty.

Dungeon Overview and Level Annotations

Branches:
Dungeon (3/15)

Altars:
Ru

Annotations:
D:3 Sigmund


Innate Abilities, Weirdness & Mutations

You are resistant to torment.
Your stone body is resilient. (AC +3)
You are immune to poison.
You resist negative energy. (rN+)
You are resistant to electric shocks. (rElec)
You can survive without breathing.
You are immune to petrification.
You are immune to rotting.


Message History

You hit Sigmund.
Sigmund is heavily wounded.
You closely miss the frilled lizard. The frilled lizard bites you.
You bump into the translucent rock wall.
Sigmund hits you with a +1 scythe of freezing!
Sigmund freezes you.
The frilled lizard bites you but does no damage.
You feel a strong urge to attack something.
You are no longer berserk.
You are exhausted.
You feel yourself slow down. The frilled lizard misses you.
Found a murky amethyst potion.
You barely miss Sigmund.
Sigmund is heavily wounded.
You barely miss the orc wizard. You hit the frilled lizard.
The orc wizard points at you and mumbles some strange words.
The puff of flame hits you.
Sigmund hits you with a +1 scythe of freezing!
Ouch! That really hurt!
You die...

######### #.......! .#
#.......#######.##
#.................
.................
.......o.........
#.....#@lo$...#
#.....#@o.....#....... .
#....####...####.#.##.#.
#.....#.......#.........
......#...#...#.........
.###..###+#'###........#
..#.....#....(#......#
.###...._#.....#.......
#...#####...#..#....
#... #.....##.#..##


You could see Sigmund, an orc wizard, 2 orcs and a frilled lizard.

Vanquished Creatures
  4 adders (D:2)
  An ooze (D:1)
  A worm (D:2)
  2 dart slugs
  3 leopard geckos (D:1)
  An orc (D:3)
  A ball python (D:1)
  A bat (D:3)
  2 giant cockroaches
  6 goblins
  7 hobgoblins
  5 jackals
  A quokka (D:2)
  2 frilled lizards (D:2)
  13 kobolds
  6 rats
56 creatures vanquished.

Notes
Turn   | Place    | Note
-------+----------+-------------------------------------------
     0 | D:1      | Fang the Gargoyle Berserker began the quest for the Orb.
     0 | D:1      | Reached XP level 1. HP: 14/14 MP: 1/1
   352 | D:1      | Reached XP level 2. HP: 19/19 MP: 2/2
   741 | D:1      | Reached XP level 3. HP: 22/23 MP: 3/3
  1033 | D:1      | Reached ** piety under Trog
  1798 | D:2      | Reached XP level 4. HP: 29/29 MP: 4/4
  2050 | D:2      | Reached skill level 4 in Fighting
  2780 | D:3      | Noticed Sigmund
  2784 | D:3      | Found a sacrificial altar of Ru.
  2794 | D:3      | Slain by Sigmund

Levels and vault maps discovered:
D:1:      dpeg_arrival_rhombi, layout_basic
D:2:      layout_basic
D:3:      layout_rooms, hangedman_ru_absence,
          yredelemnul_forgotten_temple_becter, first_ration, uniq_sigmund

Skill      XL: |  1  2  3  4 |
---------------+-------------+-----
Dodging        | 2 |  2.4
Axes           | 3 |  3.3
Armour         | 3 |  3.2
Fighting       | 4 |  4.1

Action                   |  1- 3 |  4- 6 || total
-------------------------+-------+-------++-------
Melee: Hand axe          |    96 |    93 ||   189
Invok: Berserk           |       |     1 ||     1
  Eat: Chunk             |     3 |     3 ||     6
Armor: Animal skin       |    19 |    28 ||    47
Dodge: Dodged            |    59 |    59 ||   118
